 Dungeon Crawl Stone Soup version 0.26.1-2-gb8aa6d0cf2 (webtiles) character file.

Game seed: 10795638749585251093

144 Marvel the Caller (level 5, 0/28 HPs)
             Began as a Deep Elf Summoner on Feb 13, 2021.
             Was an Initiate of Dithmenos.
             Succumbed to an orc wizard's poison
             ... on level 4 of the Dungeon.
             The game lasted 00:08:22 (5187 turns).

Marvel the Caller (Deep Elf Summoner)               Turns: 5187, Time: 00:08:23

Health: 0/28       AC:  4    Str:  4 (5)  XL:     5   Next: 5%
Magic:  13/13      EV: 11    Int: 19 (21) God:    Dithmenos [......]
Gold:   125        SH:  7    Dex: 12 (15) Spells: 7/13 levels left

rFire    . . .     SeeInvis .   n - +0 short sword (venom)
rCold    . . .     Faith    .   u - +2 kite shield
rNeg     . . .     Spirit   .   a - +0 robe
rPois    .         Reflect  .   (no helmet)
rElec    .         Harm     .   l - +0 cloak
rCorr    .         Rampage  .   (no gloves)
Will     .....                  t - +0 pair of boots (curse)
Stlth    ++........             (no amulet)
HPRegen  0.09/turn              (no ring)
MPRegen  0.13/turn              (no ring)

@: brilliant, lethally poisoned (0 -> -7), very slightly contaminated, hasted,
invisible, very quick
A: no striking features
a: Renounce Religion


You were on level 4 of the Dungeon.
You worshipped Dithmenos.
Dithmenos was noncommittal.
You visited 2 branches of the dungeon, and saw 5 of its levels.

You collected 125 gold pieces.

Inventory:

Hand Weapons
 n - a +0 short sword of venom (weapon)
Armour
 a - a +0 robe (worn)
 l - a +0 cloak (worn)
 t - a cursed +0 pair of boots (worn)
 u - a +2 kite shield (worn)
Scrolls
 d - 6 scrolls of identify {unknown}
 g - a scroll of fog {unknown}
 i - a scroll of noise {unknown}
 j - a scroll of blinking {unknown}
 k - a scroll of magic mapping {unknown}
 m - 2 scrolls of random uselessness {unknown}
 r - a scroll of remove curse {unknown}
 s - 3 scrolls of enchant armour {unknown}
Potions
 b - a potion of haste
 c - 3 potions of degeneration
 f - a potion of invisibility
 h - a potion of brilliance
 o - a potion of cancellation {unknown}
 p - a potion of curing {unknown}
 q - a potion of flight {unknown}
 v - a potion of berserk rage {unknown}


   Skills:
 + Level 0.2 Fighting
 + Level 0.4 Short Blades
 + Level 4.2 Dodging
 + Level 2.8 Stealth
 + Level 0.1 Unarmed Combat
 + Level 4.5 Spellcasting
 + Level 5.1 Summonings


You had 7 spell levels left.
You knew the following spells:

 Your Spells              Type           Power        Failure   Level
a - Summon Small Mammal   Summ           100%         11%         1
b - Call Imp              Summ           35%          17%         2
c - Call Canine Familiar  Summ           35%          32%         3

Your spell library contained the following spells:

 Spells                   Type           Power        Failure   Level
 Summon Guardian Golem    Hex/Summ       21%          67%         3
 Summon Ice Beast         Ice/Summ       21%          97%         4
 Summon Lightning Spire   Summ/Air       21%          97%         4


Dungeon Overview and Level Annotations

Branches:
Dungeon (4/15)             Temple (1/1) D:4

Altars:
Cheibriados
Dithmenos
Fedhas
Gozag
Hepliaklqana
Kikubaaqudgha
Makhleb
Nemelex Xobeh
Qazlal
Ru
Uskayaw
Vehumet
Xom
Yredelemnul
Zin


Message History

* * * LOW HITPOINT WARNING * * *
You feel sick.
Your crimson imp blinks!
Your crimson imp barely misses the orc wizard.
The orc wizard hits your crimson imp but does no damage.
Your crimson imp is poisoned.
The orc throws a boomerang.
The boomerang hits you.
* * * LOW HITPOINT WARNING * * *
The weapon returns to the orc!
It was a potion of invisibility.
You fade into invisibility!
Your crimson imp hits the orc wizard.
The orc throws a boomerang.
The boomerang barely misses you.
The weapon returns to the orc!
The orc wizard hits your crimson imp but does no damage.
You are very lightly contaminated with residual magic.
It was a potion of brilliance.
You feel clever all of a sudden.
Your crimson imp hits the orc wizard.
It was a potion of magic.
Magic courses through your body.
You die...

### ##..## ### ####
#....##..# #..###..#.....#
##......##......
#.......#.o.....
###........ยง.....#
##.........5o.....#
#.........@5##....#
#......###### ...
#....##.# . ## ##.##....#
#..#...#.##.###
#......#......#.......#<..
#.........................
######.###..............#
..
#...#..###....(....###..


You could see an orc wizard, an orc and 2 friendly crimson imps.

Vanquished Creatures
  2 hounds (D:3)
  Jessica (D:3)
  An ooze (D:3)
  A leopard gecko (D:3)
  An orc (D:4)
  A giant cockroach (D:1)
  4 jackals
  2 ball pythons
  3 bats
  A frilled lizard (D:1)
17 creatures vanquished.

Vanquished Creatures (collateral kills)
  An adder (D:3)
  An adder zombie (D:3)
  3 worms
  A leopard gecko (D:1)
  3 bats
  6 goblins
  9 hobgoblins
  9 jackals
  4 frilled lizards
  9 kobolds
  2 rats (D:1)
48 creatures vanquished.

Grand Total: 65 creatures vanquished

Notes
Turn   | Place    | Note
-------+----------+-------------------------------------------
     0 | D:1      | Marvel the Deep Elf Summoner began the quest for the Orb.
     0 | D:1      | Reached XP level 1. HP: 10/10 MP: 6/6
   547 | D:1      | Reached XP level 2. HP: 5/15 MP: 5/8
   570 | D:1      | Learned a level 2 spell: Call Imp
  2860 | D:2      | Reached XP level 3. HP: 19/19 MP: 7/10
  2864 | D:2      | Learned a level 3 spell: Call Canine Familiar
  3544 | D:3      | Noticed Jessica
  3554 | D:3      | Killed Jessica
  3555 | D:3      | Reached skill level 5 in Summonings
  3813 | D:3      | Reached XP level 4. HP: 19/24 MP: 9/12
  4223 | D:3      | Found a burning altar of Makhleb.
  4564 | D:3      | Reached XP level 5. HP: 20/28 MP: 13/13
  4918 | D:4      | Found a staircase to the Ecumenical Temple.
  4988 | D:4      | Found a snail-covered altar of Cheibriados.
  5051 | Temple   | Entered the Ecumenical Temple
  5112 | Temple   | Became a worshipper of Dithmenos the Shadowed
  5184 | D:4      | HP: 1/28 [orc/boomerang (4)]
  5187 | D:4      | Succumbed to an orc wizard's poison

Illustrated notes

Levels and vault maps discovered:
D:1:      lemuel_arrival_rhombus, layout_basic, serial_co_window_serial,
          co_window_corner_a, co_window_corner_a, co_window_paths_a,
          co_window_paths_a, co_window_of_opportunity_a,
          co_window_of_opportunity_a, co_window_of_opportunity_a,
          co_window_broadway_b, co_window_corner_ca, co_window_corner_b,
          co_window_4corner_a, glass_columns_a, glass_columns_c
D:2:      layout_basic
D:3:      layout_loops_ring, makhleb_heckhound_becter, uniq_jessica
D:4:      layout_cave_pools, cheibriados_altar_1,
          minmay_temple_entry_stoned_glass
Temple:   regret_index_temple_chain_breaker

Skill      XL: |  1  2  3  4 |
---------------+-------------+-----
Dodging        | 3 4 |  4.2
Spellcasting   | 4 |  4.5
Summonings     | 5 |  5.1
Fighting       | |  0.2
Short Blades   | |  0.4
Stealth        | |  2.8
Unarmed Combat | |  0.1

Action                   |  1- 3 |  4- 6 || total
-------------------------+-------+-------++-------
Melee: Unarmed           |   101 |       ||   101
       Short sword       |    23 |    55 ||    78
 Cast: Summon Small Mamm |    14 |       ||    14
       Call Imp          |    38 |    13 ||    51
       Call Canine Famil |     1 |       ||     1
  Use: Potion            |       |     5 ||     5
 Stab: Distracted        |     3 |       ||     3
       Sleeping          |     3 |       ||     3
Armor: Robe              |    30 |    16 ||    46
Dodge: Dodged            |   114 |    55 ||   169
Block: Kite shield       |       |    13 ||    13
